 Dungeon Crawl Stone Soup version 0.23.0-3-gf3c87f2 (webtiles) character file.

Game seed: 18314108921253521824

5726 SeriousVitamin the Geomancer (level 10, -12/50 HPs)
             Began as a Deep Elf Earth Elementalist on Feb 22, 2019.
             Was a Follower of Vehumet.
             Killed by the air
             ... invoked by Gastronok
              (34 damage)
             ... on level 9 of the Dungeon.
             The game lasted 00:25:44 (8806 turns).

SeriousVitamin the Geomancer (DEEE)                 Turns: 8806, Time: 00:25:45

Health: -12/50     AC:  7    Str:  5    XL:     10   Next: 48%
Magic:  2/45       EV: 12    Int: 24    God:    Vehumet [*.....]
Gold:   613        SH:  3    Dex: 15    Spells: 19/32 levels left

rFire    . . .     SeeInvis .   z - staff of energy
rCold    . . .     Gourm    +   A - +0 buckler
rNeg     . . .     Faith    .   Y - +0 robe {MR+}
rPois    .         Spirit   .   f - +0 helmet
rElec    .         Reflect  .   (no cloak)
rCorr    .         Harm     .   R - +2 pair of gloves
MR       ++...                  p - +0 pair of boots
Stlth    +++.......             x - amulet of the gourmand
HPRegen  0.16/turn              T - ring of magical power
MPRegen  0.29/turn              n - ring of magical power

@: no status effects
A: no striking features
a: Renounce Religion


You were on level 9 of the Dungeon.
You worshipped Vehumet.
Vehumet was aware of your devotion.
You were not hungry.

You visited 2 branches of the dungeon, and saw 10 of its levels.
You also visited: Sewer.

You collected 613 gold pieces.

Inventory:

Hand Weapons
 l - a +0 dagger
Missiles
 b - 126 stones (quivered)
Armour
 f - a +0 helmet (worn)
 p - a +0 pair of boots (worn)
 A - a +0 buckler (worn)
 R - a +2 pair of gloves (worn)
 Y - a +0 robe of magic resistance (worn)
Magical Staves
 z - an uncursed staff of energy (weapon)
 X - an uncursed staff of air
Jewellery
 m - a +2 ring of strength
 n - a ring of magical power (right hand)
 x - an amulet of the gourmand (around neck)
 E - an uncursed ring of positive energy {unknown}
 I - a cursed ring of teleportation {unknown}
 L - a cursed ring of attention {unknown}
 T - a ring of magical power (left hand)
 W - an uncursed ring of flight {unknown}
Wands
 v - a wand of digging (7)
 y - a wand of clouds (13)
 H - a wand of paralysis (14)
 M - a wand of disintegration (12)
 Q - a wand of polymorph (8)
Scrolls
 c - a scroll of summoning {unknown}
 h - 2 scrolls of blinking
 i - 2 scrolls of enchant armour
 j - 4 scrolls of teleportation
 k - 8 scrolls of remove curse
 q - 4 scrolls of amnesia
 s - 2 scrolls of fear
 u - 3 scrolls of immolation {unknown}
 C - 4 scrolls of fog
 J - a scroll of random uselessness {unknown}
 N - a scroll of silence {unknown}
 P - 3 scrolls of magic mapping
 U - 2 scrolls of identify
 V - a scroll of acquirement {unknown}
Potions
 a - 6 potions of curing
 e - 3 potions of might
 g - 2 potions of invisibility
 o - a potion of ambrosia
 r - 2 potions of mutation
 t - 2 potions of berserk rage
 w - 2 potions of lignification
 B - 2 potions of magic
 D - a potion of haste
 F - 2 potions of agility
 K - 2 potions of brilliance {unknown}
 O - a potion of cancellation {unknown}
 S - a potion of degeneration {unknown}
Miscellaneous
 G - a phantom mirror
Comestibles
 d - 22 rations


   Skills:
 - Level 2.4 Dodging
 - Level 4.0 Stealth
 + Level 11.9 Spellcasting
 - Level 1.1 Transmutations
 * Level 13.7 Earth Magic


You had 19 spell levels left.
You knew the following spells:

 Your Spells              Type           Power        Failure   Level  Hunger
a - Sandblast             Erth           ######       1%          1    None
c - Stone Arrow           Conj/Erth      #####.       1%          3    None
e - Petrify               Tmut/Erth      #####...     3%          4    None
f - Lee's Rapid Deconstr  Erth           ######....   1%          5    None

Your spell library contained the following spells:

 Spells                   Type           Power        Failure   Level  Hunger
 Shock                    Conj/Air       ##..         8%          1    None
 Passwall                 Tmut/Erth      #####...     1%          2    None
 Summon Small Mammal      Summ           ##..         8%          1    None
 Call Imp                 Summ           ##......     11%         2    None
 Call Canine Familiar     Summ           ##......     22%         3    None
 Summon Guardian Golem    Hex/Summ       ##......     22%         3    None
 Summon Ice Beast         Ice/Summ       ##......     58%         4    None
 Summon Lightning Spire   Summ/Air       ##......     58%         4    None


Dungeon Overview and Level Annotations

Branches:
Dungeon (9/15)             Temple (1/1) D:5
   Lair: D:8-11         Orc: D:9-12

Altars:
Ashenzari
Cheibriados
Dithmenos
Elyvilon
Fedhas
Gozag
Hepliaklqana
Kikubaaqudgha
Makhleb
Nemelex Xobeh
Okawaru
Qazlal
Ru
Sif Muna
Trog
Uskayaw
Vehumet
Wu Jian
Xom
Yredelemnul
Zin
The Shining One

Shops:
D:5 (%(   D:9 (

Annotations:
D:9 Gastronok


Message History

Confirm with . or Enter, or press ? or * to list all spells.
Aiming: Stone Arrow (safe; 1% risk of failure)
Press: ? - help, Shift-Dir - straight line, f/p - Gastronok
Aim: Gastronok, wearing a +0 hat (severely wounded)
The stone arrow hits Gastronok!
Gastronok is severely wounded.
Casting: Stone Arrow (safe; 1% risk of failure)
Confirm with . or Enter, or press ? or * to list all spells.
Aiming: Stone Arrow (safe; 1% risk of failure)
Press: ? - help, Shift-Dir - straight line, f/p - Gastronok
Aim: Gastronok, wearing a +0 hat (severely wounded)
The stone arrow hits Gastronok!!
Gastronok is almost dead.
Gastronok gurgles, "It's true, you are what you eat."
Gastronok bites you!!
Ouch! That really hurt!
Gastronok waves his eye-stalks in wide circles.
The air twists around and strikes you!
Ouch! That really hurt!
You die...

.. ##......####.. #..
#.......##.... #..###
###....†.[....
......##..#.##.##........##.
#.....#.....................
#...... #w..##.#....#.###..
##.....# ##.### ##...#..####
......# #..#.# ##....## #
##....## #.@..## #....# ###
#......#####....# ##..####..
#..÷.....#......# #..##.#...
#..#............# ##.##....#
###.............# #....####
##............##.# ##....#.#
#............##### ##.......##
###.∩...........####...###...#
# #.....#..###...........#
#..[


You could see Gastronok.

Vanquished Creatures
  Erica (D:9)
  Pikel (D:5)
  A gargoyle (D:8)
  A troll (D:9)
  A hornet (D:9)
  A hippogriff (D:7)
  Sigmund (D:4)
  A hungry ghost (D:3)
  Menkaure (D:4)
  Purgy (Sewer)
  3 slaves (D:5)
  3 orc warriors
  2 ice beasts (D:7)
  An ogre (D:7)
  2 sky beasts
  A necrophage (D:7)
  3 phantoms
  2 centaurs
  Blork the orc (D:4)
  5 bullfrogs
  2 scorpions (D:9)
  8 wights
  2 howler monkeys (D:4)
  A centaur zombie (D:8)
  2 crimson imps
  2 jellies (D:7)
  4 orc wizards
  5 orc priests
  4 hounds
  An iguana (D:9)
  Natasha (D:3)
  8 worker ants
  A worker ant zombie (D:5)
  15 adders
  4 shadow imps
  An ooze (D:1)
  3 adder skeletons
  4 worms
  3 leopard geckos
  24 orcs
  A ball python (D:3)
  13 bats
  11 giant cockroaches
  9 goblins
  8 hobgoblins
  7 jackals
  3 quokkas
  3 frilled lizards
  11 kobolds
  A leopard gecko zombie (D:7)
  8 rats
203 creatures vanquished.

Vanquished Creatures (others)
  2 withered plants (D:7)
2 creatures vanquished.

Grand Total: 205 creatures vanquished

Notes
Turn   | Place    | Note
-------+----------+-------------------------------------------
     0 | D:1      | SeriousVitamin the Deep Elf Earth Elementalist began the
                  | quest for the Orb.
     0 | D:1      | Reached XP level 1. HP: 10/10 MP: 6/6
   129 | D:1      | Reached XP level 2. HP: 15/15 MP: 5/8
   702 | D:1      | Reached XP level 3. HP: 19/19 MP: 6/9
   707 | D:1      | Learned a level 3 spell: Stone Arrow
  1079 | D:1      | Reached skill level 4 in Earth Magic
  1684 | D:2      | Reached XP level 4. HP: 24/24 MP: 1/11
  2469 | D:3      | Noticed a hungry ghost
  2472 | D:3      | Reached skill level 5 in Earth Magic
  2475 | D:3      | Killed a hungry ghost
  2475 | D:3      | Reached skill level 5 in Spellcasting
  2475 | D:3      | Reached XP level 5. HP: 28/28 MP: 14/14
  2475 | D:3      | Reached XP level 6. HP: 32/32 MP: 15/15
  2493 | D:3      | Reached skill level 6 in Earth Magic
  2736 | D:3      | Noticed Natasha
  2739 | D:3      | Killed Natasha
  3023 | D:4      | Noticed Blork the orc
  3031 | D:4      | Killed Blork the orc
  3382 | D:4      | Reached skill level 7 in Earth Magic
  3390 | D:4      | Reached XP level 7. HP: 31/36 MP: 18/18
  3567 | D:4      | Noticed Menkaure
  3570 | D:4      | Killed Menkaure
  3626 | D:4      | Noticed Sigmund
  3628 | D:4      | Killed Sigmund
  3628 | D:4      | Reached skill level 8 in Earth Magic
  4175 | D:5      | Entered Level 5 of the Dungeon
  4177 | D:5      | Reached XP level 8. HP: 41/41 MP: 21/21
  4254 | D:5      | Found a glowing drain.
  4345 | Sewer    | Entered a sewer
  4371 | Sewer    | Noticed Purgy
  4375 | Sewer    | Killed Purgy
  4375 | Sewer    | Reached skill level 9 in Earth Magic
  4472 | D:5      | Found a radiant altar of Vehumet.
  4474 | D:5      | Found an opulent altar of Gozag.
  4474 | D:5      | Found a stormy altar of Qazlal.
  4520 | D:5      | Found Rocvaf's Food Shoppe.
  4521 | D:5      | Found Ismymp's Antique Weapon Boutique.
  4581 | D:5      | Found Wazoamma's Antique Weapon Emporium.
  4627 | D:5      | Noticed Pikel
  4647 | D:5      | Killed Pikel
  4647 | D:5      | Reached skill level 10 in Earth Magic
  4876 | D:5      | Found a staircase to the Ecumenical Temple.
  5105 | D:5      | Found a hide-covered altar of Uskayaw.
  5163 | Temple   | Entered the Ecumenical Temple
  5928 | D:6      | You fall through a shaft!
  6038 | D:7      | Reached XP level 9. HP: 40/45 MP: 11/24
  6146 | D:7      | Reached skill level 11 in Earth Magic
  6577 | D:7      | Reached skill level 10 in Spellcasting
  6862 | D:7      | Reached skill level 12 in Earth Magic
  7032 | D:5      | Found a sacrificial altar of Ru.
  7044 | D:5      | Became a worshipper of Vehumet
  7274 | D:7      | Found an ancient bone altar of Kikubaaqudgha.
  7456 | D:7      | Learned a level 5 spell: Lee's Rapid Deconstruction
  7461 | D:7      | Learned a level 4 spell: Petrify
  7500 | D:8      | Noticed a gargoyle
  7829 | D:8      | Killed a gargoyle
  7829 | D:8      | Reached XP level 10. HP: 50/50 MP: 27/27
  8341 | D:9      | Reached skill level 13 in Earth Magic
  8352 | D:9      | Reached * piety under Vehumet
  8352 | D:9      | Offered knowledge of Shock by Vehumet.
  8545 | D:9      | Noticed Erica
  8560 | D:9      | Killed Erica
  8730 | D:9      | Found Dotaozun's Antique Weapon Emporium.
  8793 | D:9      | Noticed Gastronok
  8806 | D:9      | Killed from afar by Gastronok

Skill      XL: |  1  2  3  4  5  6  7  8  9 10 |
---------------+-------------------------------+-----
Stealth        | 3 4 |  4.0
Earth Magic    | 4 5 7 8 10 12 13 | 13.7
Spellcasting   | 5 6 7 9 11 | 11.9
Dodging        | |  2.4
Transmutations | |  1.1

Action                   |  1- 3 |  4- 6 |  7- 9 | 10-12 || total
-------------------------+-------+-------+-------+-------++-------
Melee: Unarmed           |     5 |       |       |       ||     5
       Dagger            |     6 |     4 |       |       ||    10
       Staff             |       |     3 |     7 |       ||    10
Throw: Stone             |     1 |       |       |       ||     1
 Cast: Sandblast         |    35 |    34 |    65 |     4 ||   138
       Stone Arrow       |    20 |    38 |   105 |    61 ||   224
       Lee's Rapid Decon |       |       |     1 |     3 ||     4
       Petrify           |       |       |       |     2 ||     2
  Use: Scroll            |       |     6 |    13 |     1 ||    20
       Potion            |       |       |     2 |       ||     2
 Stab: Sleeping          |       |     1 |       |       ||     1
  Eat: Chunk             |     4 |     6 |     9 |     5 ||    24
       Ration            |       |       |     1 |       ||     1
Armor: Robe              |     7 |     6 |    19 |     4 ||    36
Dodge: Dodged            |    30 |    16 |    23 |     4 ||    73
Block: Buckler           |       |       |     8 |     3 ||    11
